 Dungeon Crawl Stone Soup version 0.26-a0-1191-ge2a0e31ab3 (webtiles) character file.

Game seed: 4319735506117776372

9877 Foxy the Carver (level 11, -10/92 HPs)
             Began as a Formicid Fighter on Dec 28, 2020.
             Mangled by an ice devil (23 damage)
             ... summoned by an orc high priest
             ... in a bailey.
             The game lasted 00:21:17 (11890 turns).

Foxy the Carver (Formicid Fighter)                 Turns: 11890, Time: 00:21:17

Health: -10/92     AC: 15    Str: 30    XL:     11   Next: 82%
Magic:  11/11      EV: 11    Int:  8    God:
Gold:   602        SH: 12    Dex: 10    Spells: 10/10 levels left

rFire    . . .     SeeInvis +   E - +1 falchion (vorpal)
rCold    . . .     Faith    .   c - +0 kite shield
rNeg     . . .     Spirit   .   y - +0 plate armour
rPois    .         Reflect  .   (helmet unavailable)
rElec    .         Harm     .   F - +2 cloak {rCorr}
rCorr    +         Rampage  .   g - +0 pair of gloves
Will     +....                  (no boots)
Stlth    ..........             C - amulet of the acrobat
HPRegen  0.25/turn              h - +6 ring of strength
MPRegen  0.12/turn              G - +4 ring of evasion

@: no status effects
A: permanent stasis, dig shafts and tunnels, four strong arms, antennae 3
a: Dig


You were in a bailey.
You visited 2 branches of the dungeon, and saw 11 of its levels.
You also visited: Bailey.

You collected 602 gold pieces.

Inventory:

Hand Weapons
 a - a +0 great sword
 b - a +1 whip of flaming
 B - the +0 flail "Xaidghoil" {vorpal, rPois Dex+4 SInv}
   (You found it on level 6 of the Dungeon)

   It inflicts extra damage upon your enemies.
   It affects your dexterity (+4).
   It protects you from poison.
   It lets you see invisible.
 D - a +2 long sword
 E - a +1 vorpal falchion (weapon)
Missiles
 e - 20 atropa-tipped darts
 q - 31 poisoned darts (quivered)
Armour
 c - a +0 kite shield (worn)
 g - a +0 pair of gloves (worn)
 j - a scarf of invisibility
 y - a +0 plate armour (worn)
 F - a +2 cloak of preservation (worn)
Jewellery
 h - a +6 ring of strength (left hand)
 w - an uncursed amulet of reflection
 C - an amulet of the acrobat (around neck)
 G - a +4 ring of evasion (right hand)
Wands
 f - a wand of polymorph (10)
 n - a wand of digging (5)
 p - a wand of iceblast (9)
 z - a wand of acid (5)
Scrolls
 l - 4 scrolls of remove curse
 s - 2 scrolls of fear
 t - 2 scrolls of amnesia
 v - a scroll of magic mapping
 J - a scroll of fog
Potions
 d - a potion of brilliance
 k - 3 potions of curing
 o - a potion of cancellation
 r - a potion of ambrosia


   Skills:
 + Level 10.5 Fighting
 * Level 12.7 Long Blades
 - Level 3.2 Armour
 - Level 9.0 Shields
 - Level 5.0 Evocations


You had 10 spell levels left.
You didn't know any spells.
Your spell library contained the following spells:

 Spells                   Type           Power        Failure   Level
 Conjure Flame            Conj/Fire      0%           100%        3
 Dazzling Flash           Conj/Hex       0%           100%        3
 Irradiate                Conj/Tmut      0%           100%        5
 Statue Form              Tmut/Erth      0%           100%        6


Dungeon Overview and Level Annotations

Branches:
Dungeon (10/15)            Temple (1/1) D:6             Orc (0/2) D:10
 Bailey (1/1)
   Lair: D:8-11

Altars:
Ashenzari
Cheibriados
Dithmenos
Elyvilon
Fedhas
Gozag
Hepliaklqana
Kikubaaqudgha
Makhleb
Nemelex Xobeh
Okawaru
Qazlal
Ru
Sif Muna
Trog
Uskayaw
Vehumet
Wu Jian
Xom
Yredelemnul
Zin
The Shining One

Shops:
D:6 *


Innate Abilities, Weirdness & Mutations

You cannot be hasted, slowed, berserked, paralysed or teleported.
You can dig through walls and to a lower floor.
Your four strong arms can wield two-handed weapons with a shield.
You have a pair of large antennae on your head. (SInv)


Message History

Unknown command.
You slash the orc high priest!
The orc high priest is heavily wounded.
The ice devil hits you. The ice devil freezes you!!
The red devil hits you from afar with a +4 vampiric demon trident.
You block the orc high priest's attack.
The orc warrior hits you with a +0 war axe!
* * * LOW HITPOINT WARNING * * *
The orange demon stings you but does no damage.
The orange demon hits you.
* * * LOW HITPOINT WARNING * * *
You hit the orc high priest but do no damage.
The orc high priest is heavily wounded.
A hobgoblin opens the large door.
The orc high priest hits you with a +0 war axe.
* * * LOW HITPOINT WARNING * * *
The ice devil hits you.
* * * LOW HITPOINT WARNING * * *
The ice devil freezes you!!
You die...

#≈≈≈≈≈ #######+# #≈≈≈≈≈ {{
#.......#{ #≈≈≈≈≈#
#.8.8.8.+{
#≈≈≈≈≈######......{#
#≈≈≈≈≈≈.#.4.4..#....#
######.≈≈≈≈≈.#4o4...#....#.
#......≈≈≈≈≈.#o@#####....#.
##......≈≈≈≈≈)#.o...# ...#.
..............4.....# ...#
∩..∩.........))..⌠..#
..............'.....#
##......≈≈≈≈≈.#.....#
#......≈≈≈≈≈.#''####
######.≈≈≈≈≈.#.go #≈≈≈≈≈≈.#


You could see 2 orc high priests, an orange demon (summoned), 2 hellwings, an
ice devil (summoned), a red devil (summoned), an orc warrior, an orc (wandering)
and a hobgoblin.

Vanquished Creatures
  Harold (D:9)
  4 two-headed ogres
  Pikel (D:6)
  Psyche (D:8)
  2 hornets (D:8)
  2 trolls
  Prince Ribbit (D:6)
  Grum (D:8)
  Sigmund (D:2)
  2 steam dragons (D:6)
  A water moccasin (D:6)
  3 orc warriors
  A phantom (D:8)
  4 sky beasts
  A black bear (D:6)
  A necrophage (D:9)
  3 ogres
  4 centaurs
  2 wolves (D:7)
  A lemure (D:6)
  2 gnoll sergeants
  5 bullfrogs
  5 scorpions
  7 killer bees (D:8)
  6 wights
  4 howler monkeys
  A centaur zombie (D:7)
  2 bullfrog skeletons (D:9)
  4 hounds
  An iron imp (D:5)
  3 jellies
  3 orc priests
  7 orc wizards
  A centaur skeleton (D:8)
  3 iguanas
  4 worker ants
  A hound skeleton (D:7)
  A worker ant zombie (D:8)
  Robin (D:2)
  12 adders
  9 gnolls
  2 shadow imps
  3 white imps (D:9)
  An ufetubus (D:5)
  An ooze (D:5)
  An adder skeleton (D:9)
  3 dart slugs
  6 worms
  9 leopard geckos
  39 orcs
  7 bats
  10 giant cockroaches
  8 goblins
  12 hobgoblins
  8 jackals
  3 quokkas
  4 ball pythons
  6 frilled lizards
  9 kobolds
  8 rats
259 creatures vanquished.

Vanquished Creatures (others)
  5 dream sheep (D:4)
  A fungus (D:6)
6 creatures vanquished.

Grand Total: 265 creatures vanquished

Notes
Turn   | Place    | Note
-------+----------+-------------------------------------------
     0 | D:1      | Foxy the Formicid Fighter began the quest for the Orb.
     0 | D:1      | Reached XP level 1. HP: 18/18 MP: 1/1
   146 | D:1      | Reached XP level 2. HP: 12/24 MP: 2/2
   518 | D:1      | Reached XP level 3. HP: 25/29 MP: 3/3
   899 | D:2      | Reached skill level 3 in Long Blades
  1137 | D:2      | Found a broken altar of Ashenzari.
  1183 | D:2      | Reached XP level 4. HP: 22/37 MP: 4/4
  1410 | D:2      | Found a basalt altar of Yredelemnul.
  1813 | D:2      | Noticed Sigmund
  2386 | D:2      | Noticed Robin
  2463 | D:2      | Killed Robin
  2711 | D:2      | Reached XP level 5. HP: 42/42 MP: 5/5
  2749 | D:2      | Found a glowing golden altar of the Shining One.
  2897 | D:2      | Killed Sigmund
  2898 | D:2      | Reached skill level 4 in Long Blades
  2898 | D:2      | Reached skill level 5 in Shields
  2898 | D:2      | Reached XP level 6. HP: 40/49 MP: 6/6
  3293 | D:3      | Found a white marble altar of Elyvilon.
  4126 | D:4      | Noticed a dream sheep
  4126 | D:4      | Noticed a dream sheep
  4126 | D:4      | Noticed a dream sheep
  4126 | D:4      | Noticed a dream sheep
  4126 | D:4      | Noticed a dream sheep
  4126 | D:4      | Found a shimmering altar of Xom.
  4131 | D:4      | Killed a dream sheep
  4131 | D:4      | Killed a dream sheep
  4131 | D:4      | Killed a dream sheep
  4131 | D:4      | Killed a dream sheep
  4134 | D:4      | Killed a dream sheep
  4317 | D:4      | Noticed an ogre
  4334 | D:4      | Killed an ogre
  4335 | D:4      | Reached skill level 5 in Long Blades
  4335 | D:4      | Reached skill level 1 in Evocations
  4335 | D:4      | Reached XP level 7. HP: 32/55 MP: 7/7
  4507 | D:4      | Reached skill level 5 in Fighting
  4984 | D:4      | Identified the Guide on Lethal Transmigration
  5159 | D:5      | Entered Level 5 of the Dungeon
  5183 | D:5      | Found a sacrificial altar of Ru.
  5308 | D:5      | Found a hide-covered altar of Uskayaw.
  5334 | D:5      | Found a broken altar of Ashenzari.
  5642 | D:5      | Reached skill level 6 in Long Blades
  5642 | D:5      | Reached XP level 8. HP: 44/63 MP: 8/8
  5883 | D:5      | Found a snail-covered altar of Cheibriados.
  6014 | D:6      | HP: 3/64 [orc warrior/+0 trident (7)]
  6021 | D:6      | HP: 3/64 [orc warrior/+0 trident (11)]
  6429 | D:6      | Noticed Pikel
  6464 | D:6      | Killed Pikel
  6465 | D:6      | Reached skill level 7 in Long Blades
  6465 | D:6      | Reached XP level 9. HP: 54/70 MP: 9/9
  6786 | D:6      | Noticed Prince Ribbit
  6799 | D:6      | Killed Prince Ribbit
  6803 | D:6      | Reached skill level 8 in Long Blades
  7110 | D:6      | Got a masterwork flail
  7111 | D:6      | Identified the cursed +0 flail "Xaidghoil" {vorpal, rPois
                  | Dex+4 SInv} (You found it on level 6 of the Dungeon)
  7211 | D:6      | Found Anis Rys's Serpentskin Sales.
  7261 | D:6      | Found a staircase to the Ecumenical Temple.
  7349 | Temple   | Entered the Ecumenical Temple
  7535 | D:6      | Found a glowing silver altar of Zin.
  7703 | D:6      | Reached skill level 5 in Evocations
  8226 | D:7      | Found a blossoming altar of Fedhas.
  8796 | D:7      | Reached XP level 10. HP: 47/79 MP: 10/10
  9205 | D:8      | Noticed Grum
  9219 | D:7      | Reached skill level 9 in Long Blades
  9234 | D:8      | Noticed Psyche
  9238 | D:8      | Noticed a two-headed ogre
  9853 | D:8      | Killed Grum
  9916 | D:9      | Noticed a two-headed ogre
  9923 | D:9      | Noticed Harold
  9960 | D:8      | Reached skill level 10 in Long Blades
  9981 | D:8      | Killed a two-headed ogre
  9986 | D:8      | Killed Psyche
 10364 | D:8      | Noticed a two-headed ogre
 10375 | D:8      | Killed a two-headed ogre
 10376 | D:8      | Reached skill level 11 in Long Blades
 10376 | D:8      | Reached XP level 11. HP: 62/89 MP: 11/11
 10609 | D:8      | Noticed a two-headed ogre
 10627 | D:8      | Killed a two-headed ogre
 11078 | D:8      | Reached skill level 10 in Fighting
 11078 | D:8      | Reached skill level 12 in Long Blades
 11216 | D:9      | Found a shimmering altar of Xom.
 11363 | D:9      | Killed a two-headed ogre
 11569 | D:9      | Killed Harold
 11799 | D:10     | Entered Level 10 of the Dungeon
 11807 | D:10     | Found a flagged portal.
 11818 | Bailey   | Entered a bailey
 11867 | Bailey   | Noticed an orc high priest
 11868 | Bailey   | Noticed an orc high priest
 11890 | Bailey   | Mangled by an ice devil

Illustrated notes

Levels and vault maps discovered:
D:1:      dpeg_arrival_radiant, layout_basic
D:2:      layout_loops_ring, nicolae_overflow_hidden_temple,
          nicolae_overflow_crystal_walls, grunt_ministairs_6,
          nicolae_tso_swordbearing_angel, uniq_robin, uniq_sigmund
D:3:      layout_basic, old_standard_altar, serial_forest,
          infiniplex_forest_zigzag_1, infiniplex_forest_clump_tiny,
          infiniplex_forest_clump_large, infiniplex_forest_straight_4,
          infiniplex_forest_end_2, wander_ebering_terrifying_dragon_lair
D:4:      minmay_thinvault, layout_cave_pools, kb_xom_exploding_sheep
D:5:      layout_rooms, slow_altar_2, kennysheep_mini,
          lemuel_coloured_pillars_altar, basic_altar
D:6:      kennysheep_steamy, layout_cave_pods, zin_statuary,
          minmay_temple_entry_overgrown, guppyfry_shop_venom,
          uniq_prince_ribbit1, uniq_pikel
D:7:      layout_loops_ring, fedhas_altar_1, corexii_corridor_pit
D:8:      hangedman_cross_stitches, layout_rooms, uniq_grum, uniq_psyche
D:9:      layout_rooms, lemuel_crystal_altar, minmay_fractal_squares_5,
          uniq_harold
D:10:     layout_gridville, orc_0_dummy, enter_bailey_2
Temple:   cyrus_circular_temple
Bailey:   bailey_axe_of_yendor_kennysheep, bailey

Skill      XL: |  1  2  3  4  5  6  7  8  9 10 11 |
---------------+----------------------------------+-----
Shields        | 4 5 6 8 9 |  9.0
Long Blades    | 3 4 5 6 7 8 11 12 | 12.7
Fighting       | 4 5 6 7 9 10 | 10.5
Evocations     | 1 2 4 5 |  5.0
Armour         | |  3.2

Action                   |  1- 3 |  4- 6 |  7- 9 | 10-12 || total
-------------------------+-------+-------+-------+-------++-------
Melee: Long sword        |   114 |   246 |   373 |   200 ||   933
       Falchion          |       |       |       |   181 ||   181
Throw: Dart              |     5 |    17 |     1 |    20 ||    43
 Abil: Dig               |       |     2 |     8 |     4 ||    14
Evoke: Wand              |       |       |     5 |     5 ||    10
  Use: Scroll            |     2 |     1 |     3 |     7 ||    13
       Potion            |     1 |     2 |     3 |     6 ||    12
 Stab: Invisible         |       |     2 |       |       ||     2
       Distracted        |       |     1 |       |       ||     1
Armor: Scale mail        |    73 |    76 |    36 |       ||   185
       Plate armour      |       |       |    95 |   118 ||   213
Dodge: Dodged            |    47 |    66 |    74 |   144 ||   331
Block: Kite shield       |    91 |   118 |   178 |   239 ||   626
       Rpst.: Long sword |    19 |    23 |    27 |    19 ||    88
       Falchion          |       |       |       |    22 ||    22

Table legend: (Time is in decaauts)
 A = Elapsed time spent in this place.
 B = Non-inter-level travel time spent in this place.
 C = Inter-level travel time spent in this place.
 D = Time resting spent in this place.
 E = Time spent auto-exploring this place.
 F = Levels seen in this place.
 G = Mean time per level.
                   A        B        C        D        E       F      G
               +--------+--------+--------+--------+--------+-----+--------+
         Total |  11956 |  11635 |    321 |   3128 |   5808 |  12 |  996.3 |
       Dungeon |  11835 |  11514 |    321 |   3128 |   5808 |  10 | 1183.5 |
        Temple |     59 |     59 |      0 |      0 |      0 |   1 |   59.0 |
        Bailey |     61 |     61 |      0 |      0 |      0 |   1 |   61.0 |
               +--------+--------+--------+--------+--------+-----+--------+

Top non-repeatable levels by time:
     D:2: 2169 daAuts
     D:7: 1825 daAuts
     D:6: 1806 daAuts
     D:8: 1368 daAuts
     D:4: 1145 daAuts
     D:3: 1051 daAuts
     D:1: 925 daAuts
     D:5: 782 daAuts
     D:9: 741 daAuts
  Bailey: 61 daAuts
  Temple: 59 daAuts
    D:10: 18 daAuts
